 Dungeon Crawl Stone Soup version 0.23.2-1-ga50397a (webtiles) character file.

Game seed: 16109725873615159251

359 Fang the Skirmisher (level 6, 0/60 HPs)
             Began as a Gargoyle Berserker on May 30, 2019.
             Was a Priest of Trog.
             Slain by a gnoll sergeant
             ... wielding a +0 trident of flaming
              (2 damage)
             ... on level 5 of the Dungeon.
             The game lasted 00:03:34 (3948 turns).

Fang the Skirmisher (Gargoyle Berserker)            Turns: 3948, Time: 00:03:34

Health: 0/60       AC:  6    Str: 27    XL:     6   Next: 65%
Magic:  6/6        EV: 13    Int:  8    God:    Trog [***...]
Gold:   235        SH:  0    Dex:  9    Spells: 5/5 levels left

rFire    . . .     SeeInvis .   s - +3 hand axe
rCold    . . .     Gourm    .   (no shield)
rNeg     + . .     Faith    .   b - +0 animal skin
rPois    ∞         Spirit   .   (no helmet)
rElec    +         Reflect  .   (no cloak)
rCorr    +         Harm     .   (no gloves)
MR       .....                  (no boots)
Stlth    ..........             (no amulet)
HPRegen  0.20/turn              r - ring of resist corrosion
MPRegen  0.10/turn              (no ring)

@: berserking, very quick
A: negative energy resistance 1, electricity resistance, unbreathing,
petrification resistance, rot immunity, AC +4
a: Berserk, Trog's Hand, Renounce Religion


You were on level 5 of the Dungeon.
You worshipped Trog.
Trog was most pleased with you.
You were very hungry.

You visited 2 branches of the dungeon, and saw 6 of its levels.

You collected 235 gold pieces.

Inventory:

Hand Weapons
 a - a +0 hand axe
 s - a +3 hand axe (weapon)
Armour
 b - a +0 animal skin (worn)
Jewellery
 r - a ring of resist corrosion (left hand)
Wands
 m - a wand of flame (10)
Scrolls
 e - a scroll of enchant armour {unknown}
 f - a scroll of noise {unknown}
 i - a scroll of blinking {unknown}
 j - 6 scrolls of identify {unknown}
 o - a scroll of enchant weapon {unknown}
Potions
 d - a potion of brilliance {unknown}
 g - a potion of heal wounds {unknown}
 h - a potion of might {unknown}
 k - a potion of curing {unknown}
 l - a potion of haste {unknown}
 n - a potion of ambrosia {unknown}
 p - a potion of cancellation {unknown}
Comestibles
 c - 9 rations


   Skills:
 + Level 4.8 Fighting
 + Level 4.0 Axes
 + Level 4.1 Armour
 + Level 3.1 Dodging


You had 5 spell levels left.
You didn't know any spells.
Your spell library was empty.

Dungeon Overview and Level Annotations

Branches:
Dungeon (5/15)             Temple (1/1) D:4

Altars:
Kikubaaqudgha
Sif Muna


Innate Abilities, Weirdness & Mutations

You are resistant to torment.
Your stone body is resilient. (AC +4)
You are immune to poison.
You resist negative energy. (rN+)
You are resistant to electric shocks. (rElec)
You can survive without breathing.
You are immune to petrification.
You are immune to rotting.


Message History

The gnoll is moderately wounded.
You barely miss the gnoll. The gnoll hits you with a +0 club.
* * * LOW HITPOINT WARNING * * *
The gnoll hits you with a +0 halberd!
* * * LOW HITPOINT WARNING * * *
You closely miss the gnoll. You hit the gnoll.
The centaur shoots an arrow.
The arrow hits you.
* * * LOW HITPOINT WARNING * * *
A gnoll comes into view. It is wielding a +0 club.
The gnoll sergeant hits you but does no damage.
The gnoll hits you with a +0 club.
* * * LOW HITPOINT WARNING * * *
You barely miss the gnoll. You hit the gnoll.
You kill the gnoll!
Trog accepts your kill. The gnoll misses you.
The gnoll sergeant hits you from afar with a +0 trident of flaming.
* * * LOW HITPOINT WARNING * * *
The gnoll sergeant burns you.
You die...

#........
#............#
#............#
#.......##...#
#^......##.c.##
.........#....#
.........#....+
.........#....#
.........'@)..#
.........#g.g...##
#######+####g...#⌠
g.#.## g.... ....#
####


You could see a gnoll sergeant, a centaur and 4 gnolls.

Vanquished Creatures
  A centaur skeleton (D:4)
  An orc wizard (D:3)
  Jessica (D:2)
  Natasha (thrice) (D:3)
  A worker ant (D:4)
  A gnoll (D:5)
  6 adders
  2 oozes
  5 worms
  2 dart slugs
  3 leopard geckos
  7 orcs (D:3)
  8 giant cockroaches
  6 goblins
  6 hobgoblins
  4 jackals (D:4)
  A quokka (D:3)
  2 ball pythons (D:1)
  7 bats
  6 frilled lizards
  6 kobolds
  7 rats
86 creatures vanquished.

Vanquished Creatures (others)
  A human (D:4)
1 creature vanquished.

Grand Total: 87 creatures vanquished

Notes
Turn   | Place    | Note
-------+----------+-------------------------------------------
     0 | D:1      | Fang the Gargoyle Berserker began the quest for the Orb.
     0 | D:1      | Reached XP level 1. HP: 14/14 MP: 1/1
   142 | D:1      | Reached XP level 2. HP: 19/19 MP: 2/2
   784 | D:2      | Reached XP level 3. HP: 11/24 MP: 3/3
  1128 | D:2      | Reached ** piety under Trog
  1658 | D:2      | Reached XP level 4. HP: 27/29 MP: 4/4
  1973 | D:2      | Noticed Jessica
  1979 | D:2      | Killed Jessica
  2184 | D:3      | Reached XP level 5. HP: 33/33 MP: 5/5
  2385 | D:3      | Noticed Natasha
  2398 | D:3      | Killed Natasha
  2783 | D:3      | Noticed Natasha
  2800 | D:3      | Killed Natasha
  2800 | D:3      | Reached XP level 6. HP: 24/39 MP: 6/6
  3021 | D:3      | Found a faded altar of an unknown god.
  3070 | D:3      | Noticed Natasha
  3080 | D:3      | Killed Natasha
  3080 | D:3      | Reached *** piety under Trog
  3301 | D:4      | Found a staircase to the Ecumenical Temple.
  3330 | Temple   | Entered the Ecumenical Temple
  3473 | D:4      | Found an ancient bone altar of Kikubaaqudgha.
  3473 | D:4      | Noticed a human
  3476 | D:4      | Killed a human
  3939 | D:5      | Entered Level 5 of the Dungeon
  3948 | D:5      | HP: 2/60 [gnoll sergeant/+0 trident of flaming (3)]
  3948 | D:5      | Slain by a gnoll sergeant

Skill      XL: |  1  2  3  4  5  6 |
---------------+-------------------+-----
Axes           | 3 4 |  4.0
Dodging        | 2 3 |  3.1
Armour         | 3 4 |  4.1
Fighting       | 4 |  4.8

Action                   |  1- 3 |  4- 6 || total
-------------------------+-------+-------++-------
Melee: Hand axe          |   106 |   206 ||   312
Invok: Berserk           |     2 |     3 ||     5
  Eat: Chunk             |     4 |    10 ||    14
Armor: Animal skin       |    38 |   101 ||   139
Dodge: Dodged            |    80 |   185 ||   265
